 Dungeon Crawl Stone Soup version 0.21.1-1-g345015fe64 (webtiles) character file.

1379 hauzer the Digger (level 8, -1/38 HPs)
             Began as a Vine Stalker Wanderer on June 1, 2018.
             Was a Follower of Sif Muna.
             Shot with an arrow by a centaur (10 damage)
             ... on level 6 of the Dungeon.
             The game lasted 00:26:33 (5367 turns).

hauzer the Digger (Vine Stalker Wanderer)           Turns: 5367, Time: 00:26:35

Health: -1/38      AC:  2    Str: 15    XL:     8   Next: 66%
Magic:  0/17       EV: 11    Int: 17    God:    Sif Muna [*.....]
Gold:   312        SH:  0    Dex: 11    Spells: 11/17 levels left

rFire    . . .     SeeInvis .   o - +1 dagger (distort)
rCold    . . .     Gourm    .   (no shield)
rNeg     . . .     Faith    .   e - +2 robe {MR+}
rPois    .         Spirit   +   (no helmet)
rElec    .         Reflect  .   (no cloak)
rCorr    .         Harm     .   (no gloves)
MR       ++...                  u - +1 pair of boots
Stlth    ++........             (no amulet)
HPRegen  0.52/turn              (no ring)
MPRegen  0.15/turn              (no ring)

@: corroded, very slightly contaminated, drained
A: claws 1, fangs 3, blink, clumsy 1, regeneration 1, strong 1, magic shield,
antimagic bite, no potion heal 3, rot immunity
a: Blink, Divine Energy, Renounce Religion


You were on level 6 of the Dungeon.
You worshipped Sif Muna.
Sif Muna was aware of your devotion.
You were not hungry.

You visited 1 branch of the dungeon, and saw 7 of its levels.

You collected 312 gold pieces.

Inventory:

Hand Weapons
 d - a cursed -1 dagger
 o - a +1 dagger of distortion (weapon)
Missiles
 i - 192 stones (quivered)
Armour
 e - a +2 robe of magic resistance (worn)
 u - a +1 pair of boots (worn)
Scrolls
 b - 3 scrolls of teleportation
 g - 2 scrolls of fog
 l - a scroll of enchant weapon
 n - 4 scrolls of identify
 p - a scroll of random uselessness {unknown}
 q - a scroll of fear {unknown}
Potions
 c - 2 potions of lignification
 h - 3 potions of curing
 j - a potion of might
 k - a potion of mutation
 m - 3 potions of heal wounds
 r - a potion of magic {unknown}
 s - a potion of ambrosia {unknown}
Books
 a - a book of Geomancy

   Spells                             Type                      Level
   a - Sandblast                      Earth                        1
   b - Passwall                       Transmutation/Earth          2
   c - Stone Arrow                    Conjuration/Earth            3
   d - Petrify                        Transmutation/Earth          4
   e - Lee's Rapid Deconstruction     Earth                        5
Comestibles
 f - 4 rations
 t - 10 chunks of flesh


   Skills:
 - Level 1.7(1.4) Fighting
 - Level 1.0(0.6) Armour
 + Level 4.1(3.7) Stealth
   Level 1.0(0.6) Shields
 * Level 5.4(5.0) Spellcasting
 * Level 4.1(3.7) Conjurations
 * Level 4.0(3.6) Transmutations
   Level 1.0(0.6) Ice Magic
 * Level 6.6(6.2) Earth Magic


You had 11 spell levels left.
You knew the following spells:

 Your Spells              Type           Power        Failure   Level  Hunger
a - Sandblast             Erth           ####..       1%          1    None
b - Stone Arrow           Conj/Erth      ###...       5%          3    ###....
c - Passwall              Tmut/Erth      ###.......   2%          2    #......


Dungeon Overview and Level Annotations

Branches:
Dungeon (7/15)             Temple (0/1) D:7

Altars:
Ashenzari
Dithmenos
Gozag
Qazlal
Sif Muna

Annotations:
D:3 GoroGoro's ghost, amateur GnWn
D:4 Duvessa


Innate Abilities, Weirdness & Mutations

You have razor-sharp teeth.
Your natural rate of healing is unusually fast.
When hurt, damage is shared between your health and your magic reserves.
Your bite disrupts and absorbs the magic of your enemies.
Potions cannot restore your health.
You are immune to rotting.
You have sharp fingernails.
You can translocate small distances at will.
You are clumsy. (Dex -2)
Your muscles are strong. (Str +2)


Message History

Casting: Stone Arrow
Confirm with . or Enter, or press ? or * to list all spells.
Aiming: Stone Arrow
Press: ? - help, Shift-Dir - straight line, f - centaur
Aim: a centaur, wielding a shortbow The stone arrow hits the centaur.
The centaur is moderately wounded.
The centaur shoots an arrow.
The arrow hits you!
Casting: Stone Arrow
Confirm with . or Enter, or press ? or * to list all spells.
Aiming: Stone Arrow
Press: ? - help, Shift-Dir - straight line, f/p - centaur
Aim: a centaur, wielding a shortbow (moderately wounded)
You miscast Stone Arrow.
You are very lightly contaminated with residual magic.
You are showered with tiny particles of grit.
The centaur shoots an arrow.
The arrow hits you!
* * * LOW HITPOINT WARNING * * *
The centaur shoots an arrow.
The arrow hits you!
You die...

##### ##..<## ####
###########.###@###..c####
#.......##.#####.#........
#.......##.##...(.c....#
##.......##.##.##(#.....#
.........###.#.#.###...##
##..............## ####
##.......###...##
##.......# #.#.#
########## #.#.#


You could see a centaur.

Vanquished Creatures
  A hippogriff (D:7)
  The ghost of Frilex the Chopper, an amateur MiBe of Trog (D:7)
  The ghost of NullDivider the Charlatan, an amateur SpAr (D:4)
  A phantom (D:4)
  3 ogres
  A bullfrog (D:6)
  Dowan (D:4)
  A wight (D:6)
  A crimson imp (D:7)
  A bullfrog zombie (D:4)
  2 orc priests (D:4)
  2 orc wizards
  Crazy Yiuf (D:3)
  Jessica (D:2)
  2 hound skeletons
  A howler monkey skeleton (D:4)
  5 adders
  2 oozes (D:2)
  An adder skeleton (D:5)
  2 worms (D:2)
  6 dart slugs
  A leopard gecko (D:3)
  10 orcs
  4 bats
  3 giant cockroaches
  6 goblins
  8 hobgoblins
  3 jackals (D:1)
  A quokka (D:2)
  4 ball pythons
  5 frilled lizards
  A jackal skeleton (D:4)
  10 kobolds
  5 rats
98 creatures vanquished.

Vanquished Creatures (others)
  A bullfrog (D:7)
  A leopard gecko (D:2)
  A giant cockroach (D:2)
3 creatures vanquished.

Grand Total: 101 creatures vanquished

Notes
Turn   | Place    | Note
-------+----------+-------------------------------------------
     0 | D:1      | hauzer the Vine Stalker Wanderer began the quest for the Orb.
     0 | D:1      | hauzer set off with: a book of Geomancy, a +0 ring mail, a potion of lignification, a +0 club, a ration
     0 | D:1      | Reached XP level 1. HP: 11/11 MP: 2/2
    50 | D:1      | Reached skill level 1 in Spellcasting
    77 | D:1      | Reached XP level 2. HP: 11/15 MP: 2/5
    99 | D:1      | Learned a level 1 spell: Sandblast
   413 | D:1      | Reached XP level 3. HP: 14/18 MP: 7/7
  1198 | D:2      | Gained mutation: Your natural rate of healing is unusually fast. [Vine Stalker growth]
  1198 | D:2      | Reached XP level 4. HP: 23/23 MP: 7/9
  1327 | D:2      | Learned a level 2 spell: Passwall
  1331 | D:2      | Learned a level 3 spell: Stone Arrow
  1369 | D:2      | Noticed Jessica
  1380 | D:2      | Gained mutation: You are clumsy. (Dex -2) [potion of mutation]
  1380 | D:2      | Gained mutation: You have sharp fingernails. [potion of mutation]
  1380 | D:2      | Gained mutation: You can translocate small distances at will. [potion of mutation]
  1380 | D:2      | Gained mutation: Your muscles are strong. (Str +2) [potion of mutation]
  1382 | D:2      | Killed Jessica
  1649 | D:2      | Found a shadowy altar of Dithmenos.
  1773 | D:2      | Reached XP level 5. HP: 26/26 MP: 10/10
  1905 | D:2      | Reached skill level 5 in Earth Magic
  1964 | D:3      | Found a stormy altar of Qazlal.
  2110 | D:3      | Found a runed door.
  2157 | D:3      | Noticed Crazy Yiuf
  2173 | D:3      | Killed Crazy Yiuf
  2248 | D:3      | Reached skill level 1 in Conjurations
  2333 | D:3      | Noticed GoroGoro's ghost (amateur GnWn)
  2352 | D:3      | Found a shattered altar of Ashenzari.
  2411 | D:4      | Noticed an ogre
  2437 | D:4      | Killed an ogre
  2437 | D:4      | Reached skill level 1 in Transmutations
  2437 | D:4      | Reached XP level 6. HP: 19/30 MP: 1/12
  2554 | D:4      | Noticed NullDivider's ghost (amateur SpAr)
  2559 | D:4      | Killed NullDivider's ghost
  2594 | D:4      | Noticed a phantom
  2607 | D:4      | Killed a phantom
  2607 | D:4      | Reached XP level 7. HP: 16/34 MP: 0/14
  3422 | D:4      | Noticed Dowan
  3423 | D:4      | Noticed Duvessa
  3429 | D:4      | Killed Dowan
  4105 | D:5      | Entered Level 5 of the Dungeon
  4199 | D:7      | Reached skill level 6 in Earth Magic
  4282 | D:7      | Found an opulent altar of Gozag.
  4336 | D:7      | Found a deep blue altar of Sif Muna.
  4339 | D:7      | Became a worshipper of Sif Muna the Loreminder
  4379 | D:7      | Gained mutation: You have razor-sharp teeth. [Vine Stalker growth]
  4379 | D:7      | Reached XP level 8. HP: 36/38 MP: 14/16
  4417 | D:7      | Found a staircase to the Ecumenical Temple.
  4438 | D:7      | Noticed Frilex's ghost (amateur MiBe)
  4659 | D:7      | Killed Frilex's ghost
  4659 | D:7      | Reached skill level 5 in Spellcasting
  4821 | D:7      | Noticed a hippogriff
  4867 | D:7      | Killed a hippogriff
  5237 | D:6      | Reached * piety under Sif Muna
  5367 | D:6      | Shot with an arrow by a centaur

Skill      XL: |  1  2  3  4  5  6  7  8 |
---------------+-------------------------+-----
Spellcasting   | 1 2 3 4 5 |  5.4
Earth Magic    | 5 6 |  6.6
Conjurations   | 1 2 3 4 |  4.1
Stealth        | 2 3 4 |  4.1
Transmutations | 1 2 3 4 |  4.0
Fighting       | |  1.7
Armour         | |  1.0
Shields        | |  1.0
Ice Magic      | |  1.0

Action                   |  1- 3 |  4- 6 |  7- 9 || total
-------------------------+-------+-------+-------++-------
Melee: Club              |   133 |       |       ||   133
       Bite              |    28 |     6 |    16 ||    50
       Dagger            |     8 |    64 |   100 ||   172
 Cast: Sandblast         |     5 |     8 |     3 ||    16
       Stone Arrow       |       |     9 |    26 ||    35
 Abil: Blink             |       |     1 |     2 ||     3
Evoke: Wand              |       |     5 |     2 ||     7
  Use: Potion            |       |     5 |       ||     5
       Scroll            |       |     7 |     2 ||     9
 Stab: Sleeping          |       |     4 |     3 ||     7
  Eat: Ration            |     1 |       |     1 ||     2
       Chunk             |       |     3 |     8 ||    11
Armor: Ring mail         |    61 |     9 |       ||    70
       Robe              |       |    10 |    41 ||    51
Dodge: Dodged            |    88 |    31 |    52 ||   171
